 Dungeon Crawl Stone Soup version 0.29.1-12-g30fa7ad0bf (webtiles) character file.

Game seed: 12467270355543306694

114 cheesebisquit the Cudgeller (level 4, 0/60 HPs)
             Began as a Minotaur Berserker on Dec 23, 2022.
             Was a Believer of Trog.
             Killed by divine providence
             ... invoked by an orc priest
              (13 damage)
             ... on level 3 of the Dungeon.
             The game lasted 00:10:05 (2771 turns).

cheesebisquit the Cudgeller (Minotaur Berserker)    Turns: 2771, Time: 00:10:06

Health: 0/60       AC:  6    Str: 24    XL:     4   Next: 66%
Magic:  3/3        EV: 10    Int:  4    God:    Trog [**....]
Gold:   102        SH:  0    Dex:  9    Spells: 3/3 levels left

rFire   . . .      SeeInvis .   a - +0 morningstar
rCold   . . .      Faith    .   (no shield)
rNeg    . . .      Spirit   .   f - +0 scale mail
rPois   .          Reflect  .   (helmet restricted)
rElec   .          Harm     .   (no cloak)
rCorr   .          Rampage  .   (no gloves)
Will    ++...                   (no boots)
Stlth   ..........              (no amulet)
HPRegen 1.20/turn               (no ring)
MPRegen 0.08/turn               (no ring)

@: berserking (expiring), strong-willed (expiring), regenerating (expiring),
very quick
A: horns 2, retaliatory headbutt
a: Renounce Religion, Berserk, Trog's Hand


You were on level 3 of the Dungeon.
You worshipped Trog.
Trog was pleased with you.
You visited 1 branch of the dungeon, and saw 3 of its levels.

You collected 102 gold pieces.

Inventory:

Hand Weapons
 a - a +0 morningstar (weapon)
 b - a +0 sling
 k - a +0 mace
Missiles
 e - 55 stones (quivered)
 m - 4 poisoned darts
Armour
 f - a +0 scale mail (worn)
 j - a +0 animal skin
Wands
 q - a wand of flame (22)
Scrolls
 c - a scroll of poison {unknown}
 d - 5 scrolls of identify {unknown}
 g - a scroll of acquirement {unknown}
 h - 2 scrolls of butterflies {unknown}
 i - 2 scrolls of magic mapping {unknown}
 l - a scroll of noise {unknown}
 r - a scroll of vulnerability {unknown}
Potions
 n - a potion of lignification {unknown}
 o - a potion of curing {unknown}
 p - 2 potions of ambrosia {unknown}


   Skills:
 - Level 4.1 Fighting
 + Level 5.5 Maces & Flails
 - Level 3.2 Armour
 - Level 2.8 Dodging


You had 3 spell levels left.
You didn't know any spells.
Your spell library was empty.

Dungeon Overview and Level Annotations

Branches:
Dungeon (3/15)

Altars:


Innate Abilities, Weirdness & Mutations

You have a pair of horns on your head.
You reflexively headbutt those who attack you in melee.


Message History

The orc suddenly cheers.
The orc priest mumbles some strange prayers to Beogh against you.
Beogh smites you!
Your skin crawls.
You feel strong-willed. The orc hits you but does no damage.
A red film seems to cover your vision as you go berserk!
You feel yourself moving faster!
You feel mighty! The orc hits you with a +0 dagger.
You barely miss the orc. The orc hits you but does no damage.
You closely miss the orc.
An orc wizard appears from thin air!
Reactivating autopickup.
The orc misses you.
You barely miss the orc.
The orc priest mumbles some strange prayers to Beogh against you.
Beogh smites you!
Deactivating autopickup; reactivate with Ctrl-A.
You miss something. Your headbutt misses something. You closely miss something.
The orc priest invokes the aid of Beogh against you.
Beogh smites you!
* * * LOW HITPOINT WARNING * * *
Something hits you but does no damage.
You barely miss something. Your headbutt misses something. Something hits you.
* * * LOW HITPOINT WARNING * * *
You are too berserk!
You are too berserk!
You barely miss something. You headbutt something.
Something hits you but does no damage.
The orc priest begins to cast a cantrip, but forgets the words!
You sock something! Your headbutt misses something.
Something hits you but does no damage.
You closely miss something.
You feel the effects of Trog's Hand fading.
You closely miss something. Your headbutt misses something.
The orc wizard gestures at you while chanting.
Something hits you but does no damage.
The orc priest mumbles some strange prayers to Beogh against you.
Beogh smites you!
You die...

#.#
##................'......'.
..#
#..###.....####...########.
### ##.## #####.# #...#
######. ######..# #.#
#...###...... .......#####
#.# ###..........
#####..)...#####.####
#..........
#.>....').......###..........
#......#####.##.†.#......####
#......# #@##..........####
#......#####{##...#..........
#......##..oo##...######...).
#<......'..oo###### #.†.†.
###....##....# #..)..
#######....# #..... #....###
##.... #....#.. .....#.##
#....#.#########...##


You could see an orc priest, an orc wizard and 2 orcs.

Vanquished Creatures
  A jelly (D:3)
  3 adders
  2 dart slugs
  3 ball pythons (D:1)
  9 endoplasms
  3 giant cockroaches
  6 goblins
  3 hobgoblins
  7 kobolds
  2 quokkas (D:1)
  3 bats (D:1)
  A frilled lizard (D:2)
  7 rats
50 creatures vanquished.

Vanquished Creatures (others)
  A plant (D:1)
1 creature vanquished.

Grand Total: 51 creatures vanquished

Notes
Turn   | Place    | Note
-------+----------+-------------------------------------------
     0 | D:1      | cheesebisquit the Minotaur Berserker began the quest for
                  | the Orb.
     0 | D:1      | Reached XP level 1. HP: 19/19 MP: 0/0
   300 | D:1      | Found a faded altar of an unknown god.
   379 | D:1      | Reached XP level 2. HP: 27/27 MP: 1/1
   646 | D:1      | Reached skill level 4 in Maces & Flails
  1299 | D:2      | Reached XP level 3. HP: 31/33 MP: 2/2
  1433 | D:2      | Reached ** piety under Trog
  2465 | D:3      | Reached XP level 4. HP: 40/40 MP: 3/3
  2467 | D:3      | Reached skill level 5 in Maces & Flails
  2771 | D:3      | Killed from afar by an orc priest

Illustrated notes

Levels and vault maps discovered:
D:1:      kennysheep_arrival_seaside, layout_loops_corners,
          shapermc_ecumenical_altar_gd
D:2:      minmay_general_purpose_star, layout_basic
D:3:      cheibrodos_pilgrimage, layout_basic

Skill      XL: |  1  2  3  4 |
---------------+-------------+-----
Maces & Flails | 4 5 |  5.5
Fighting       | 4 |  4.1
Armour         | 3 |  3.2
Dodging        | |  2.8

Action                   |  1- 3 |  4- 6 || total
-------------------------+-------+-------++-------
Melee: Mace              |    37 |       ||    37
       Morningstar       |    29 |    28 ||    57
       Headbutt          |     1 |     2 ||     3
       Punch             |     1 |       ||     1
Invok: Berserk           |     1 |     1 ||     2
       Trog's Hand       |       |     1 ||     1
Armor: Animal skin       |     3 |       ||     3
       Scale mail        |    18 |    19 ||    37
Dodge: Dodged            |    32 |    15 ||    47
